 Dungeon Crawl Stone Soup version 0.27-a0-520-gb83adbd1c9 (webtiles) character file.

Game seed: 8377554654438972512

16372 Allula97 the Grappler (level 12, -4/91 HPs)
             Began as a Demonspawn Fighter on Mar 4, 2021.
             Was an Initiate of Gozag.
             Slain by a komodo dragon (20 damage)
             ... on level 2 of the Lair of Beasts.
             The game lasted 00:39:41 (12555 turns).

Allula97 the Grappler (Demonspawn Fighter)         Turns: 12555, Time: 00:39:41

Health: -4/91      AC: 24    Str: 18    XL:     12   Next: 9%
Magic:  22/22      EV:  8    Int: 12    God:    Gozag
Gold:   1367       SH:  4    Dex: 14    Spells: 13/24 levels left

rFire    . . .     SeeInvis +     - Unarmed
rCold    . . .     Faith    .   (no shield)
rNeg     . . .     Spirit   .   k - +4 plate armour
rPois    .         Reflect  .   r - +0 helmet
rElec    .         Harm     .   A - +0 cloak
rCorr    .         Rampage  .   (no gloves)
Will     ++...                  s - +0 pair of boots
Stlth    ..........             (no amulet)
HPRegen  0.25/turn              i - ring of see invisible
MPRegen  0.18/turn              q - ring of willpower

@: about to teleport
A: claws 2, icy blue scales 2, strong-willed 1, powered by death 2, wild magic
1, condensation shield
a: Renounce Religion, Potion Petition, Call Merchant, Bribe Branch


You were on level 2 of the Lair of Beasts.
You worshipped Gozag.
Gozag was most pleased with you.
You visited 3 branches of the dungeon, and saw 12 of its levels.

You collected 3240 gold pieces.
You spent 1082 gold pieces at shops.
You paid 791 gold pieces to Gozag.

Inventory:

Hand Weapons
 d - a +2 dagger of venom
Missiles
 j - 11 throwing nets (quivered)
 D - a curare-tipped dart
Armour
 c - a +0 kite shield
 k - a +4 plate armour (worn)
 l - a +1 plate armour of cold resistance
 o - a +2 leather armour of fire resistance
 r - a +0 helmet (worn)
 s - a +0 pair of boots (worn)
 A - a +0 cloak (worn)
Jewellery
 i - a ring of see invisible (left claw)
 q - a ring of willpower (right claw)
 I - a +4 ring of protection
Wands
 w - a wand of acid (17)
 y - a wand of iceblast (8)
 z - a wand of paralysis (22)
 C - a wand of flame (26)
 F - a wand of mindburst (6)
 H - a wand of random effects (17)
 J - a wand of digging (2)
 K - a wand of polymorph (10)
Scrolls
 b - 3 scrolls of magic mapping
 e - 7 scrolls of teleportation
 f - 2 scrolls of noise
 g - a scroll of enchant armour
 m - 4 scrolls of amnesia
 t - 3 scrolls of fear
 u - a scroll of fog
 B - a scroll of summoning
 G - a scroll of blinking
Potions
 a - 2 potions of attraction
 h - a potion of mutation
 n - a potion of flight
 v - a potion of magic
 x - 7 potions of curing
 E - a potion of cancellation
Miscellaneous
 p - a box of beasts


   Skills:
 * Level 7.4 Fighting
 - Level 2.4 Long Blades
 * Level 8.0 Armour
 * Level 6.8 Dodging
 - Level 3.2 Stealth
 - Level 3.1 Shields
 * Level 11.1 Unarmed Combat
 * Level 6.7 Spellcasting
 * Level 3.0 Transmutations
 * Level 2.5 Earth Magic
 + Level 1.5 Evocations


You had 13 spell levels left.
You knew the following spells:

 Your Spells              Type           Power        Failure   Level
a - Beastly Appendage     Tmut           28%          85%         1
b - Wereblood             Tmut           14%          93%         2
c - Spider Form           Tmut/Pois      5%           100%        3
d - Blade Hands           Tmut           7%           100%        5

Your spell library contained the following spells:

 Spells                   Type           Power        Failure   Level
 Magic Dart               Conj           20%          99%         1
 Searing Ray              Conj           10%          100%        2
 Dazzling Flash           Conj/Hex       10%          100%        3
 Fulminant Prism          Conj/Hex       2%           100%        4
 Ice Form                 Ice/Tmut       10%          100%        4
 Iskenderun's Mystic Bla  Conj/Tloc      5%           100%        4


Dungeon Overview and Level Annotations

Branches:
Dungeon (9/15)             Temple (1/1) D:5            Lair (2/6) D:9
  Swamp: Lair:2-4    Shoals: Lair:2-4     Snake: Lair:2-4    Spider: Lair:2-4
    Orc: D:9-12

Altars:
Ashenzari
Cheibriados
Dithmenos
Elyvilon
Fedhas
Gozag
Hepliaklqana
Kikubaaqudgha
Makhleb
Nemelex Xobeh
Okawaru
Qazlal
Ru
Sif Muna
Trog
Uskayaw
Vehumet
Wu Jian
Xom
Yredelemnul
Zin
The Shining One

Shops:
D:6 !   D:8 :   D:9 ?

Annotations:
D:8 DIG


Innate Abilities, Weirdness & Mutations

You have very sharp fingernails.
You are mostly covered in icy blue scales. (AC +3)
You regenerate health from kills.
A meltable shield of frost defends you. (SH +4)
You are strong-willed. (Will+)
Your spells are a little harder to cast, but a little more powerful.


Message History

The komodo dragon is moderately wounded.
The black mamba bites you but does no damage.
The komodo dragon bites you!!
You miss the black mamba. The black mamba bites you.
The black mamba completely misses you.
You claw the black mamba!
The black mamba is moderately wounded.
The komodo dragon bites you but does no damage.
The black mamba bites you but does no damage.
You closely miss the black mamba.
You claw the black mamba, but do no damage.
The black mamba is moderately wounded.
The black mamba bites you but does no damage.
The komodo dragon bites you but does no damage.
You closely miss the black mamba. Your claw misses the black mamba.
The black mamba is moderately wounded.
The black mamba bites you but does no damage.
The black mamba bites you! The komodo dragon bites you!!
You miss the black mamba.
The black mamba is moderately wounded.
The black mamba bites you but does no damage.
You closely miss the black mamba.
The black mamba is moderately wounded.
The black mamba barely misses you. The komodo dragon bites you!
The black mamba bites you but does no damage.
You claw the komodo dragon!
The komodo dragon is heavily wounded.
The komodo dragon bites you!
* * * LOW HITPOINT WARNING * * *
The black mamba barely misses you.
You claw the komodo dragon!
The komodo dragon is severely wounded.
The black mamba barely misses you. The komodo dragon bites you.
* * * LOW HITPOINT WARNING * * *
Okay, then.
As you read the scroll of teleportation, it crumbles to dust.
You feel strangely unstable. You block the black mamba's attack. x2
The komodo dragon bites you!!
You die...
Your body crumbles into a pile of gold.

. .# ##.####
##.....##
##.......##
#....P..P.#..
#...PPPP.....
#..PP@....# $
#...lPS...#
#....P....#
##.......##
##.....##
.###### ##


You could see a komodo dragon and a black mamba.

Vanquished Creatures
  3 two-headed ogres
  A skeletal warrior (D:8)
  A black mamba (Lair:1)
  3 cane toads (Lair:1)
  2 komodo dragons (Lair:1)
  A troll (D:8)
  Sigmund (D:3)
  19 yaks
  4 wyverns
  9 humans (D:8)
  3 basilisks
  Eustachio (D:4)
  5 water moccasins
  Duvessa (D:5)
  An orc warrior (D:8)
  2 sky beasts (D:9)
  2 ice beasts
  7 ogres
  A necrophage (D:5)
  4 wolves (Lair:1)
  6 centaurs
  A phantom (D:8)
  A kobold brigand (D:7)
  4 gnoll sergeants (D:6)
  4 bullfrogs
  Dowan (D:5)
  A wyvern skeleton (D:9)
  3 scorpions
  16 killer bees
  3 wights (D:6)
  An electric eel (D:6)
  5 jellies
  12 hounds
  A quasit (D:6)
  2 bullfrog zombies
  6 orc priests
  2 gnoll shamans (D:6)
  3 bullfrog skeletons
  4 iguanas
  8 orc wizards
  8 worker ants
  2 killer bee zombies
  A hound skeleton (D:9)
  A howler monkey zombie (D:6)
  A worker ant zombie (D:8)
  Robin (D:4)
  32 gnolls
  16 adders
  3 shadow imps
  5 white imps
  2 ufetubi
  5 oozes
  An adder skeleton (D:7)
  4 adder zombies
  5 worms
  3 dart slugs
  4 leopard geckos
  49 orcs
  3 ball pythons
  6 bats
  6 giant cockroaches
  14 goblins
  15 hobgoblins
  29 jackals
  2 frilled lizards
  14 kobolds
  9 rats
396 creatures vanquished.

Vanquished Creatures (others)
  10 fungi
  16 plants
26 creatures vanquished.

Grand Total: 422 creatures vanquished

Notes
Turn   | Place    | Note
-------+----------+-------------------------------------------
     0 | D:1      | Allula97 the Demonspawn Fighter began the quest for the
                  | Orb.
     0 | D:1      | Reached XP level 1. HP: 18/18 MP: 1/1
   312 | D:1      | Gained mutation: You regenerate a little health from kills.
                  | [demonic ancestry]
   312 | D:1      | Reached XP level 2. HP: 19/24 MP: 2/2
   502 | D:1      | Reached XP level 3. HP: 28/29 MP: 3/3
   522 | D:1      | Reached skill level 1 in Dodging
  1386 | D:2      | Gained mutation: You have sharp fingernails. [demonic
                  | ancestry]
  1386 | D:2      | Reached XP level 4. HP: 35/35 MP: 5/5
  1968 | D:3      | Reached skill level 1 in Spellcasting
  2035 | D:3      | Noticed Sigmund
  2066 | D:3      | Reached skill level 5 in Armour
  2066 | D:3      | Reached skill level 4 in Unarmed Combat
  2066 | D:3      | Gained mutation: A meltable shield of frost defends you.
                  | (SH +4) [demonic ancestry]
  2066 | D:3      | Reached XP level 5. HP: 15/46 MP: 5/11
  2070 | D:3      | Killed Sigmund
  2071 | D:3      | Gained mutation: You are partially covered in icy blue
                  | scales. (AC +2) [demonic ancestry]
  2071 | D:3      | Reached XP level 6. HP: 18/52 MP: 5/13
  2606 | D:4      | Noticed Robin
  2616 | D:4      | Killed Robin
  2805 | D:4      | Found an opulent altar of Gozag.
  2842 | D:4      | Reached XP level 7. HP: 33/58 MP: 14/14
  2966 | D:4      | Became a worshipper of Gozag Ym Sagoz the Greedy
  3056 | D:4      | Reached skill level 5 in Unarmed Combat
  3076 | D:4      | Noticed Eustachio
  3083 | D:4      | Gained mutation: Armour fits poorly on your strangely
                  | shaped body. [potion of mutation]
  3083 | D:4      | Gained mutation: You occasionally shout uncontrollably at
                  | your foes. [potion of mutation]
  3083 | D:4      | Gained mutation: You expend magic power (3 MP) to
                  | strengthen your wands. [potion of mutation]
  3095 | D:4      | Killed Eustachio
  3815 | D:5      | Entered Level 5 of the Dungeon
  3818 | D:5      | Found a staircase to the Ecumenical Temple.
  3866 | Temple   | Entered the Ecumenical Temple
  4150 | D:5      | Reached skill level 5 in Dodging
  4150 | D:5      | Reached skill level 1 in Stealth
  4150 | D:5      | Reached XP level 8. HP: 65/65 MP: 15/15
  4538 | D:5      | Noticed Duvessa
  4538 | D:5      | Noticed Dowan
  4550 | D:5      | Killed Duvessa
  4551 | D:5      | Reached skill level 6 in Unarmed Combat
  4551 | D:5      | Reached skill level 5 in Spellcasting
  4573 | D:5      | Killed Dowan
  5199 | D:6      | Found an ancient bone altar of Kikubaaqudgha.
  5436 | D:6      | Gained mutation: You regenerate health from kills. [demonic
                  | ancestry]
  5436 | D:6      | Reached XP level 9. HP: 32/71 MP: 16/16
  5632 | D:6      | Found a hide-covered altar of Uskayaw.
  5886 | D:6      | Found a sparkling altar of Nemelex Xobeh.
  6216 | D:6      | Reached skill level 7 in Unarmed Combat
  6676 | D:6      | Found Lutto's Distillery.
  6699 | D:6      | Bought a potion of mutation for 112 gold pieces
  6699 | D:6      | Bought a potion of curing for 42 gold pieces
  6699 | D:6      | Bought a potion of heal wounds for 70 gold pieces
  6699 | D:6      | Bought a potion of mutation for 112 gold pieces
  6699 | D:6      | Bought a potion of curing for 42 gold pieces
  6699 | D:6      | Lost mutation: Armour fits poorly on your strangely shaped
                  | body. [potion of mutation]
  6699 | D:6      | Lost mutation: You expend magic power (3 MP) to strengthen
                  | your wands. [potion of mutation]
  6699 | D:6      | Lost mutation: You occasionally shout uncontrollably at
                  | your foes. [potion of mutation]
  6699 | D:6      | Gained mutation: You are weak. (Str -2) [potion of
                  | mutation]
  6699 | D:6      | Gained mutation: You have large cloven feet. [potion of
                  | mutation]
  6700 | D:6      | Lost mutation: You are weak. (Str -2) [potion of mutation]
  6700 | D:6      | Lost mutation: You have large cloven feet. [potion of
                  | mutation]
  6700 | D:6      | Gained mutation: Your spells are a little harder to cast,
                  | but a little more powerful. [potion of mutation]
  6700 | D:6      | Gained mutation: You are strong-willed. (Will+) [potion of
                  | mutation]
  6703 | D:6      | Bought a potion of haste for 140 gold pieces
  6769 | D:7      | Found a stormy altar of Qazlal.
  7172 | D:7      | Found a basalt altar of Yredelemnul.
  7311 | D:7      | Found a sparkling altar of Nemelex Xobeh.
  7389 | D:7      | Found a radiant altar of Vehumet.
  7720 | D:7      | Found a burning altar of Makhleb.
  8093 | D:8      | Reached XP level 10. HP: 45/77 MP: 18/18
  8126 | D:8      | Reached skill level 8 in Unarmed Combat
  8657 | D:8      | Noticed a two-headed ogre
  8685 | D:8      | Killed a two-headed ogre
  8799 | D:8      | Noticed a skeletal warrior
  9032 | D:8      | Found Odeal's Book Shoppe.
  9038 | D:8      | Bought a book of Changes for 375 gold pieces
  9040 | D:8      | Learned a level 1 spell: Beastly Appendage
  9043 | D:8      | Learned a level 2 spell: Wereblood
  9047 | D:8      | Learned a level 3 spell: Spider Form
  9053 | D:8      | Learned a level 5 spell: Blade Hands
  9157 | D:8      | Reached skill level 9 in Unarmed Combat
  9675 | D:9      | Gained mutation: You are mostly covered in icy blue scales.
                  | (AC +3) [demonic ancestry]
  9675 | D:9      | Reached XP level 11. HP: 79/84 MP: 20/20
  9860 | D:9      | Reached skill level 1 in Transmutations
  9909 | D:9      | Noticed a two-headed ogre
  9925 | D:9      | Killed a two-headed ogre
 10003 | D:9      | Noticed a two-headed ogre
 10011 | D:9      | Killed a two-headed ogre
 10096 | D:9      | Reached skill level 10 in Unarmed Combat
 10110 | D:9      | Found a staircase to the Lair.
 10299 | D:8      | Reached skill level 1 in Earth Magic
 10306 | D:8      | Killed a skeletal warrior
 10307 | D:8      | Reached skill level 1 in Evocations
 10540 | D:9      | Bought a scroll of identify for 28 gold pieces
 10540 | D:9      | Bought a scroll of identify for 28 gold pieces
 10540 | D:9      | Bought a scroll of identify for 28 gold pieces
 10543 | D:9      | Bought a scroll of holy word for 105 gold pieces
 11047 | D:9      | Identified the +0 leather armour "Moacilem" {rPois rF-
                  | Str+4 SInv}
 11087 | Lair:1   | Entered Level 1 of the Lair of Beasts
 12068 | Lair:1   | Gained mutation: You have very sharp fingernails. [demonic
                  | ancestry]
 12068 | Lair:1   | Reached XP level 12. HP: 91/91 MP: 21/21
 12083 | Lair:1   | Reached skill level 11 in Unarmed Combat
 12555 | Lair:2   | Slain by a komodo dragon

Illustrated notes

Levels and vault maps discovered:
D:1:      nicolae_arrival_somewhat_less_tricky_arrival, layout_basic
D:2:      layout_loops_cross, st_stairs_1
D:3:      wander_river, layout_rooms, uniq_sigmund
D:4:      layout_cave_pods, old_standard_altar, uniq_robin, uniq_eustachio
D:5:      minmay_inner_zag, layout_loops_ring, minmay_temple_entry_mist,
          elyvilon_altar_1, uniq_duvessa
D:6:      layout_cave_pools, eat_drink_and_be_merry_uskayaw,
          lemuel_coloured_pillars_altar, gammafunk_temple_overflow_statue,
          serial_gnoll_camp, gnoll_camp_huts_moat, gnoll_camp_mini_hut,
          gnoll_camp_medium_02, gnoll_camp_mini_shop, gnoll_camp_mini_loothouse
D:7:      layout_basic, kennysheep_mini, fiery_altar_vehumet,
          grunt_qazlal_clouds, makhleb_grotto_becter, nemelex_dance_club_becter
D:8:      erik_cavepeople, layout_cave_pools, special_room [special_room_orc],
          serial_shops, kennysheep_little_box, minivault_12
D:9:      layout_basic, zin_statuary, minmay_lair_entry_grove
Temple:   minmay_temple_bridge_abc
Lair:1:   layout_cave_pods, lemuel_old_faithful
Lair:2:   layout_chaotic_city, minmay_swamp_entry_worms, dummy_snake_entry,
          cheibrodos_lair_reptile_den

Skill      XL: |  1  2  3  4  5  6  7  8  9 10 11 12 |
---------------+-------------------------------------+-----
Long Blades    | 2 |  2.4
Shields        | 3 |  3.1
Dodging        | 1 4 5 6 |  6.8
Armour         | 3 5 6 7 8 |  8.0
Spellcasting   | 4 5 6 |  6.7
Fighting       | 6 7 |  7.4
Unarmed Combat | 4 5 6 7 9 10 11 | 11.1
Stealth        | 1 2 3 |  3.2
Transmutations | 2 3 |  3.0
Earth Magic    | 2 |  2.5
Evocations     | 1 |  1.5

Action                   |  1- 3 |  4- 6 |  7- 9 | 10-12 || total
-------------------------+-------+-------+-------+-------++-------
Melee: Long sword        |   130 |    32 |       |       ||   162
       Unarmed           |       |   189 |   720 |   639 ||  1548
       Punch             |       |     1 |    21 |    30 ||    52
Throw: Throwing net      |       |       |     2 |       ||     2
Invok: Potion Petition   |       |       |     1 |       ||     1
       Call Merchant     |       |       |       |     1 ||     1
Evoke: Wand              |       |       |       |    16 ||    16
  Use: Potion            |       |     4 |    11 |     4 ||    19
       Scroll            |       |     5 |     4 |     9 ||    18
 Stab: Distracted        |       |       |     3 |     4 ||     7
       Invisible         |       |       |       |     1 ||     1
Armor: Scale mail        |    70 |       |       |       ||    70
       Plate armour      |    11 |   261 |   471 |   327 ||  1070
       Skin              |       |       |     8 |       ||     8
Dodge: Dodged            |    48 |   126 |   297 |   199 ||   670
Block: Kite shield       |    91 |    10 |       |       ||   101
       Other             |       |    45 |   126 |    66 ||   237
       Rpst.: Long sword |    21 |     2 |       |       ||    23

Table legend: (Time is in decaauts)
 A = Elapsed time spent in this place.
 B = Non-inter-level travel time spent in this place.
 C = Inter-level travel time spent in this place.
 D = Time resting spent in this place.
 E = Time spent auto-exploring this place.
 F = Levels seen in this place.
 G = Mean time per level.
                   A        B        C        D        E       F      G
               +--------+--------+--------+--------+--------+-----+--------+
         Total |  12415 |  11539 |    876 |    555 |   6897 |  12 | 1034.6 |
       Dungeon |  10726 |   9888 |    838 |    555 |   5509 |   9 | 1191.8 |
        Temple |    250 |    232 |     18 |      0 |    227 |   1 |  250.0 |
          Lair |   1438 |   1418 |     20 |      0 |   1161 |   2 |  719.0 |
               +--------+--------+--------+--------+--------+-----+--------+

Top non-repeatable levels by time:
     D:6: 1625 daAuts
     D:7: 1528 daAuts
     D:8: 1427 daAuts
  Lair:1: 1426 daAuts
     D:9: 1296 daAuts
     D:4: 1169 daAuts
     D:1: 1028 daAuts
     D:2: 1015 daAuts
     D:5: 958 daAuts
     D:3: 675 daAuts
  Temple: 250 daAuts
  Lair:2: 12 daAuts
